 Dungeon Crawl Stone Soup version 0.16-b1 (webtiles) character file.

5410 RobertPalmer the Fetichist (level 10, -10/63 HPs)
             Began as an Octopode Monk on Mar 14, 2015.
             Was an Elder of Trog.
             Killed from afar by a manticore (24 damage)
             ... with a volley of spikes
             ... on level 11 of the Dungeon.
             The game lasted 00:42:48 (12998 turns).

RobertPalmer the Fetichist (Octopode Monk)         Turns: 12998, Time: 00:42:48

Health: -10/63     AC:  1    Str: 11    XL:     10   Next: 67%
Magic:  27/27      EV: 15    Int: 14    God:    Trog [****..]
Gold:   796        SH:  0    Dex: 16    Spells: 0 memorised, 9 levels left

rFire  . . .     SeeInvis .     k - -2 blowgun (curse)
rCold  . . .     Clarity  .     (no shield)
rNeg   . . .     SustAb   .     (helmet restricted)
rPois  .         Gourm    .     (no amulet)
rElec  .         Spirit   .     (no ring)
rCorr  .         Warding  .     x - ring of protection from magic {MR+, !d}
rMut   .         Stasis   .     C - ring of invisibility {+Inv, !d}
MR     +....                    (no ring)
Stlth  +++.......               (no ring)
                                (no ring)
                                (no ring)
                                (no ring)

@: manticore barbs, very slightly contaminated, drained, somewhat resistant to
hostile enchantments, fairly stealthy
A: almost no armour, amphibious, 8 rings, constrict 8, camouflage 1, gelatinous
body 1
a: Burn Spellbooks, Berserk, Trog's Hand, Brothers in Arms, Renounce Religion,
Evoke Invisibility


You were on level 11 of the Dungeon.
You worshipped Trog.
Trog was greatly pleased with you.
You were not hungry.

You visited 3 branches of the dungeon, and saw 13 of its levels.
You also visited: Sewer and Ossuary.

You collected 796 gold pieces.

Inventory:

Hand weapons
 h - the +10 hunting sling "Koimim" {velocity, MR+ Str+2}
   (You found it on level 5 of the Dungeon)

   Any stone fired from it inflicts extra damage.
   It affects your strength (+2).
   It affects your resistance to hostile enchantments.
 k - a cursed -2 blowgun (weapon)
   (You took it off Sonja on level 10 of the Dungeon)
 J - a +0 blowgun
   (You took it off a kobold on level 10 of the Dungeon)
Missiles
 e - 4 curare-tipped needles
 s - 9 poisoned needles (quivered)
 u - a javelin
Armour
 f - a +2 large shield
   (You found it on level 3 of the Dungeon)
Rods
 b - a -2 rod of ignition (11/11) {!a}
   (You found it on level 3 of the Dungeon)
Jewellery
 x - a ring of protection from magic (right tentacle) {MR+, !d}
   (You found it on level 2 of the Dungeon)
 y - an uncursed ring of see invisible {unknown}
   (You found it on level 10 of the Dungeon)
 B - an uncursed amulet of clarity {unknown}
   (You found it on level 7 of the Dungeon)
 C - a ring of invisibility (on tentacle) {+Inv, !d}
   (You found it on level 7 of the Dungeon)
 E - an uncursed amulet of resist mutation {unknown}
   (You found it on level 7 of the Dungeon)
 H - an uncursed amulet of resist mutation {unknown}
   (You found it on level 9 of the Dungeon)
Magical devices
 j - a wand of fireball (2)
   (You found it on level 10 of the Dungeon)
 v - a wand of disintegration (2)
   (You found it on level 11 of the Dungeon)
 D - a wand of paralysis (0)
   (You found it on level 3 of the Dungeon)
 I - a wand of hasting (1)
   (You took it off a kobold on level 9 of the Dungeon)
Scrolls
 c - a scroll of fog
 g - 3 scrolls of enchant armour
 p - a scroll of fear
 G - a scroll of identify
Potions
 a - a potion of lignification {!q}
 d - 3 potions of mutation {!q}
 l - 2 potions of heal wounds
 m - 3 potions of haste
 n - 3 potions of flight
 q - 4 potions of agility
 r - 9 potions of curing
 t - 2 potions of invisibility
 w - 2 potions of restore abilities
 z - 2 potions of might
 A - 2 potions of brilliance
 F - a potion of beneficial mutation {unknown}
 L - a potion of cancellation {unknown}
Comestibles
 i - 5 meat rations
 o - 9 bread rations
 K - a beef jerky


   Skills:
 - Level 3.0(2.5) Fighting
 - Level 6.2(5.7) Dodging
 - Level 2.6(2.2) Stealth
 - Level 4.0(3.5) Unarmed Combat
 + Level 16.1(15.5) Evocations


You had 9 spell levels left.
You didn't know any spells.

Dungeon Overview and Level Annotations

Branches:
Dungeon (11/15)            Temple (1/1) D:5            Lair (1/8) D:11
    Orc: D:9-12

Altars:
Ashenzari
Cheibriados
Dithmenos
Elyvilon
Fedhas
Gozag
Kikubaaqudgha
Nemelex Xobeh
Okawaru
Qazlal
Ru
Sif Muna
Trog
Xom
Yredelemnul
The Shining One

Shops:
D:5 *

Annotations:
D:4 exclusion: slave, k0rb0's ghost, average DgCj
D:6 Prince Ribbit
D:7 exclusion: Sigmund, Eustachio; Joseph; Sigmund
Lair:1 Harold


Innate Abilities, Weirdness & Mutations

You cannot wear most types of armour.
You are amphibious.
You can wear up to eight rings at the same time.
You can use your tentacles to constrict many enemies at once.
Your skin changes colour to match your surroundings (Stealth).
Your rubbery body absorbs attacks (AC +1).


Message History

The adder is severely wounded.
The adder closely misses you.
You feel sick. The adder misses you.
You feel sick.
You feel sick.
You kill the adder!
Trog accepts your kill.
You feel sick.
You feel sick.
s - 11 poisoned needles (gained 1)
You feel sick.
You feel sick.
You are no longer poisoned.
s - 12 poisoned needles (gained 1)
s - 14 poisoned needles (gained 2)
A hippogriff comes into view.
The hippogriff screeches!
Evoke which item? (* to show all) (? for menu, Esc to quit)
Zapping:
D - a wand of paralysis (1)
Press: ? - help, Shift-Dir - straight line, f - hippogriff
Aim: a hippogriff (chance 74%)
The hippogriff suddenly stops moving!
This wand has 0 charges left.
Firing (i - inventory. (,) - cycle):
s - 14 poisoned needles (quivered)
Press: ? - help, Shift-Dir - straight line, f/p - hippogriff
Aim: a hippogriff (paralysed)
You shoot a poisoned needle.
The helpless hippogriff fails to defend itself.
The poisoned needle hits the hippogriff in a vulnerable spot.
The hippogriff is poisoned.
Firing (i - inventory. (,) - cycle):
s - 13 poisoned needles (quivered)
Press: ? - help, Shift-Dir - straight line, f/p - hippogriff
Aim: a hippogriff (poisoned, paralysed)
You shoot a poisoned needle.
The helpless hippogriff fails to defend itself.
The poisoned needle hits the hippogriff in a vulnerable spot!
The hippogriff looks even sicker.
Firing (i - inventory. (,) - cycle):
s - 12 poisoned needles (quivered)
Press: ? - help, Shift-Dir - straight line, f/p - hippogriff
Aim: a hippogriff (poisoned, paralysed)
You shoot a poisoned needle.
The helpless hippogriff fails to defend itself.
The poisoned needle hits the hippogriff in a vulnerable spot!
The hippogriff looks even sicker.
Firing (i - inventory. (,) - cycle):
s - 11 poisoned needles (quivered)
Press: ? - help, Shift-Dir - straight line, f/p - hippogriff
Aim: a hippogriff (lightly wounded, poisoned, paralysed)
You shoot a poisoned needle.
The helpless hippogriff fails to defend itself.
The poisoned needle hits the hippogriff in a vulnerable spot!
The hippogriff is lightly wounded.
Firing (i - inventory. (,) - cycle):
s - 10 poisoned needles (quivered)
Press: ? - help, Shift-Dir - straight line, f/p - hippogriff
Aim: a hippogriff (lightly wounded, poisoned, paralysed)
You shoot a poisoned needle.
The helpless hippogriff fails to defend itself.
The poisoned needle hits the hippogriff in a vulnerable spot.
The hippogriff is lightly wounded.
Your magical contamination has completely faded away.
Firing (i - inventory. (,) - cycle):
s - 9 poisoned needles (quivered)
Press: ? - help, Shift-Dir - straight line, f/p - hippogriff
Aim: a hippogriff (moderately wounded, poisoned, paralysed)
You shoot a poisoned needle.
The helpless hippogriff fails to defend itself.
The poisoned needle hits the hippogriff in a vulnerable spot!
The hippogriff is moderately wounded.
Trog accepts your kill.
You feel a bit more experienced.
Marking area around Harold as unsafe for travelling.
Harold the Weathered comes into view.
He is wielding a glaive.
Harold shouts!
Harold zaps a wand.
The bolt of lightning hits you!
It is a wand of lightning.
Evoke which item? (* to show all) (? for menu, Esc to quit)
Okay, then.
Drink which item? (? for menu, Esc to quit)
You fade into invisibility!
Harold zaps a wand.
The bolt of lightning hits you!
You are very lightly contaminated with residual magic.
There is a staircase back to the Dungeon here.
You climb upwards.
Welcome back to the Dungeon!
There is a staircase to the Lair here.
You now have 779 gold pieces (gained 11).
There are no items here.
You now have 796 gold pieces (gained 17).
There are no items here.
s - 9 poisoned needles (gained 1)
There are no items here.
The wight hits you with a morningstar of freezing!!
You feel drained.
* * * LOW HITPOINT WARNING * * *
The wight freezes you.
* * * LOW HITPOINT WARNING * * *
q - 4 potions of agility (gained 1)
You flicker for a moment.
There are no items here.
You flicker back into view.
A manticore comes into view.
The manticore flicks its tail.
The volley of spikes hits you!
The barbed spikes become lodged in your body.
You die...

##....# ..... . ##....#
#.......... ......#
#........... z.....##
##............
.......###.....# ...H...
..............###.......
...............#.....#
...#................##
..###...........@....#
...#.....................
........................
.....(..................
........................
.........#.............
........###...........
.........#...........
.....................


You could see a manticore.

Vanquished Creatures
  An ugly thing (D:10)
  Sonja (D:10)
  A wraith (D:9)
  A yak (D:10)
  A hungry ghost (D:7)
  A spriggan (D:9)
  Grum (D:9)
  A hippogriff (Lair:1)
  3 wolves
  A water moccasin (D:7)
  3 orc warriors
  A phantom (D:10)
  2 centaurs
  3 ice beasts (D:9)
  A sky beast (D:5)
  2 necrophages
  2 ogres
  4 elf zombies (Ossuary)
  4 big kobolds
  3 giant frogs
  2 killer bees (D:10)
  3 scorpions
  A wight (D:10)
  2 giant frog zombies
  5 crimson imps
  A centaur skeleton (D:9)
  A centaur zombie (Ossuary)
  A giant frog skeleton (D:11)
  A hound (D:5)
  3 orc priests
  3 human zombies (Ossuary)
  4 orc wizards
  2 iguanas
  6 worker ants
  2 hound skeletons (D:10)
  3 mummies (Ossuary)
  A worker ant zombie (D:3)
  18 adders
  4 river rats (Sewer)
  4 giant mites
  A shadow imp (D:10)
  A worm (D:3)
  2 adder skeletons
  5 giant geckos
  4 oozes
  24 orcs
  12 bats
  2 bat skeletons
  3 giant cockroaches
  15 goblins
  11 hobgoblins
  2 jackals (D:9)
  5 quokkas
  6 ball pythons
  4 giant newts
  32 kobolds
  36 rats
269 creatures vanquished.

Vanquished Creatures (others)
  A giant spore (D:10)
1 creature vanquished.

Grand Total: 270 creatures vanquished

Notes
Turn   | Place    | Note
--------------------------------------------------------------
     0 | D:1      | RobertPalmer, the Octopode Monk, began the quest for the Orb.
     0 | D:1      | Reached XP level 1. HP: 16/16 MP: 1/1
    46 | D:1      | Reached XP level 2. HP: 19/21 MP: 2/2
   261 | D:1      | Reached skill level 4 in Dodging
   831 | D:2      | Reached XP level 3. HP: 18/26 MP: 3/3
  1066 | D:2      | HP: 2/26 [worm (6)]
  1124 | D:2      | HP: 6/26 [hobgoblin (1)]
  1620 | D:2      | Reached XP level 4. HP: 23/31 MP: 4/4
  1652 | D:2      | Reached skill level 5 in Dodging
  2107 | D:3      | Reached XP level 5. HP: 26/36 MP: 5/5
  2332 | D:3      | Reached skill level 6 in Dodging
  2614 | D:3      | Identified a -2 rod of ignition (11/11) (You found it on level 3 of the Dungeon)
  2887 | D:3      | Reached skill level 1 in Evocations
  2906 | D:3      | Found an ancient bone altar of Kikubaaqudgha.
  3201 | D:4      | Found a glowing drain.
  3226 | Sewer    | Entered a sewer
  3296 | Sewer    | Reached skill level 2 in Evocations
  3296 | Sewer    | Reached XP level 6. HP: 32/42 MP: 8/8
  3851 | Sewer    | Reached skill level 3 in Evocations
  4171 | Sewer    | Reached skill level 4 in Evocations
  4177 | Sewer    | Reached skill level 5 in Evocations
  4177 | Sewer    | Reached XP level 7. HP: 28/46 MP: 9/12
  4330 | D:4      | Noticed a slave
  4361 | D:4      | Noticed k0rb0's ghost (average DgCj)
  4391 | D:4      | HP: 6/46 [k0rb0's ghost/magic dart (7)]
  4405 | D:5      | Entered Level 5 of the Dungeon
  4413 | D:5      | Found a sand-covered staircase.
  4431 | Ossuary  | Entered an ossuary
  4694 | Ossuary  | Reached skill level 6 in Evocations
  4702 | Ossuary  | HP: 11/46 [elf zombie (8)]
  4713 | Ossuary  | Reached skill level 7 in Evocations
  5224 | Ossuary  | Reached skill level 8 in Evocations
  5224 | Ossuary  | Reached XP level 8. HP: 36/52 MP: 18/18
  5493 | D:5      | Got a fine hunting sling
  5654 | D:5      | Found Pruoguy's General Store.
  5696 | D:5      | Reached skill level 9 in Evocations
  6142 | D:5      | Found a staircase to the Ecumenical Temple.
  6413 | Temple   | Entered the Ecumenical Temple
  6454 | Temple   | Became a worshipper of Trog the Wrathful
  6454 | Temple   | Acquired Trog's first power
  6454 | Temple   | Acquired Trog's second power
  6541 | D:5      | Reached skill level 10 in Evocations
  6623 | D:6      | Noticed Prince Ribbit
  6705 | D:6      | Found a shadowy altar of Dithmenos.
  6756 | D:5      | Identified the +10 hunting sling "Koimim" {velocity, MR+ Str+2} (You found it on level 5 of the Dungeon)
  7121 | D:7      | Noticed Joseph
  7262 | D:7      | Found a glowing golden altar of the Shining One.
  7262 | D:7      | Found a sparkling altar of Nemelex Xobeh.
  7359 | D:7      | Noticed Eustachio
  7805 | D:7      | Reached skill level 11 in Evocations
  7805 | D:7      | Reached XP level 9. HP: 35/56 MP: 20/22
  8111 | D:7      | Noticed Sigmund
  8347 | D:8      | Reached skill level 12 in Evocations
  9123 | D:9      | HP: 14/56 [poisoned by a scorpion]
  9128 | D:9      | HP: 10/56 [poisoned by a scorpion]
  9134 | D:9      | HP: 7/56 [poisoned by a scorpion]
  9139 | D:9      | HP: 6/56 [poisoned by a scorpion]
  9146 | D:9      | HP: 5/56 [poisoned by a scorpion]
  9154 | D:9      | HP: 4/56 [poisoned by a scorpion]
  9486 | D:9      | Reached skill level 13 in Evocations
  9559 | D:9      | Noticed Grum
 10164 | D:9      | Reached skill level 14 in Evocations
 10459 | D:10     | Entered Level 10 of the Dungeon
 10506 | D:10     | Found a sacrificial altar of Ru.
 10662 | D:9      | Reached XP level 10. HP: 49/63 MP: 25/25
 11138 | D:9      | Killed Grum
 11246 | D:10     | Noticed a purple ugly thing
 11272 | D:10     | Killed a purple ugly thing
 11272 | D:10     | Reached skill level 15 in Evocations
 12072 | D:10     | Noticed Sonja
 12118 | D:10     | Killed Sonja
 12129 | D:10     | Acquired Trog's third power
 12525 | D:11     | Reached skill level 16 in Evocations
 12592 | D:11     | Found a staircase to the Lair.
 12763 | Lair:1   | Entered Level 1 of the Lair of Beasts
 12950 | Lair:1   | Noticed Harold
 12978 | D:11     | HP: 14/63 [wight/morningstar of freezing (6)]
 12997 | D:11     | Noticed a manticore
 12998 | D:11     | Killed from afar by a manticore

Action                   |  1- 3 |  4- 6 |  7- 9 | 10-12 || total
-------------------------+-------+-------+-------+-------++-------
Melee: Unarmed           |    76 |   153 |    69 |    66 ||   364
       Rod               |       |       |   258 |     6 ||   264
 Fire: Blowgun           |       |       |     2 |    64 ||    66
Throw: Stone             |    37 |    80 |       |       ||   117
       Javelin           |       |       |    33 |     1 ||    34
       Tomahawk          |       |       |       |     4 ||     4
Invok: Burn Spellbooks   |       |       |     2 |     1 ||     3
       Trog's Hand       |       |       |     2 |       ||     2
       Berserk           |       |       |       |     1 ||     1
 Abil: Evoke Invisibilit |       |       |     3 |     4 ||     7
Evoke: Rod               |       |     5 |    20 |     5 ||    30
       Wand              |       |       |    23 |     9 ||    32
  Use: Scroll            |     1 |    10 |    21 |     3 ||    35
       Potion            |       |       |     2 |     8 ||    10
 Stab: Sleeping          |     9 |     1 |     6 |     6 ||    22
       Paralysed         |       |       |    30 |     9 ||    39
       Invisible         |       |       |       |     2 ||     2
  Eat: Chunk             |     2 |    10 |    21 |     2 ||    35
       Bread ration      |       |       |     1 |     1 ||     2
       Royal jelly       |       |       |     1 |       ||     1
       Pizza             |       |       |     1 |       ||     1
       Beef jerky        |       |       |     3 |     2 ||     5
       Meat ration       |       |       |       |     1 ||     1

Vault maps used:
D:1:      onia_arrival_handbag
D:3:      kiku_gazebo_pond_becter, first_bread
D:4:      vehumet_statue, portal_sewer_entry_b, kennysheep_potato, uniq_pikel,
          uniq_duvessa
D:5:      temple_hall_moat, serial_shops, shop, enter_ossuary_1,
          grunt_decor_arrowhead, st_stairs_4
D:6:      grunt_temple_overflow_order_and_chaos_2,
          grunt_dithmenos_smoke_and_mirrors, serial_shops, shop,
          uniq_prince_ribbit1
D:7:      gammafunk_temple_overflow_elements, uniq_eustachio, uniq_sigmund,
          uniq_joseph
D:9:      the_bakery, kb_rosetta, uniq_grum
D:10:     serial_co_window_serial, co_window_paths_b, co_window_paths_a,
          co_window_of_opportunity_a, co_window_corner_a,
          co_window_of_opportunity_a, co_window_broadway_a, co_window_corner_b,
          co_window_of_opportunity_b, co_window_paths_c, co_window_corner_b,
          co_window_4corner_a, glass_columns_b, glass_columns_b,
          glass_columns_a, glass_columns_a, glass_columns_b, special_room,
          nicolae_ru_sacrificial_ziggurat, uniq_sonja
D:11:     lair_0_dummy, trove_entry_hex_spiral
Temple:   triangle_lava_temple_12
Lair:1:   disabler_island, grunt_megastairs_3, uniq_harold
Sewer:    sewer_minmay_treatment
Ossuary:  ossuary_minmay_four_chambers

Table legend:
 A = Turns spent in this place as a percentage of turns spent in the entire game.
 B = Non-inter-level travel turns spent in this place as a percentage of non-inter-level travel turns spent in the entire game.
 C = Inter-level travel turns spent in this place as a percentage of turns spent in this place.
 D = Turns resting spent in this place as a percentage of non-inter-level travel turns spent in this place.
 E = Turns spent auto-exploring this place as a percentage of non-inter-level travel turns spent in this place.
 F = Non-inter-level travel turns spent in this place divided by the number of levels of this place that you've seen.
                   A       B       C       D       E      F
               +-------+-------+-------+-------+-------+----------------------
         Total | 100.0 | 100.0 |   0.3 |   1.8 |   3.0 | 426.5
       Dungeon |  85.4 |  85.3 |   0.4 |   1.6 |   3.4 | 496.2
        Temple |   0.8 |   0.8 |   0.0 |   0.0 |   0.0 |  54.0
          Lair |   2.9 |   2.9 |   0.0 |   0.0 |   0.0 | 188.0
         Sewer |   7.0 |   7.0 |   0.0 |   2.4 |   2.0 | 449.0
       Ossuary |   3.9 |   3.9 |   0.0 |   7.7 |   0.0 | 248.0
               +-------+-------+-------+-------+-------+----------------------

Table legend:
 A = Kills in this place as a percentage of kills in entire the game.
 B = Kills by you in this place as a percentage of kills by you in the entire game.
 C = Kills by friends in this place as a percentage of kills by friends in the entire game.
 D = Other kills in this place as a percentage of other kills in the entire game.
 E = Experience gained in this place as a percentage of experience gained in the entire game.
 F = Experience gained in this place divided by the number of levels of this place that you have seen.
                   A       B       C       D       E      F
               +-------+-------+-------+-------+-------+----------------------
         Total | 100.0 | 100.0 |  -nan |  -nan | 100.0 | 515.3
       Dungeon |  77.3 |  77.3 |  -nan |  -nan |  85.5 | 601.1
          Lair |   0.7 |   0.7 |  -nan |  -nan |   2.5 | 196.0
         Sewer |  17.8 |  17.8 |  -nan |  -nan |   4.2 | 322.0
       Ossuary |   4.1 |   4.1 |  -nan |  -nan |   7.8 | 599.0
               +-------+-------+-------+-------+-------+----------------------
